 Dungeon Crawl Stone Soup version 0.32-a0-422-g28b100f618 (webtiles) character file.

Game seed: 5255128823292930772

237 Dittersdorf the Covered (level 6, -15/39 HPs)
             Began as a Gargoyle Fighter on Feb 21, 2024.
             Killed by divine providence
             ... invoked by an orc priest
              (17 damage)
             ... on level 4 of the Dungeon.
             The game lasted 00:02:39 (2438 turns).

Dittersdorf the Covered (Gargoyle Fighter)          Turns: 2438, Time: 00:02:40

Health: -15/39     AC: 16    Str: 21    XL:     6   Next: 6%
Magic:  6/6        EV:  9    Int:  9    God:
Gold:   185        SH:  4    Dex:  9    Spells: 5/5 levels left

rFire   . . .        a - +0 flail
rCold   . . .        c - +0 buckler
rNeg    + . .        b - +0 scale mail
rPois   ∞            f - +0 helmet
rElec   +            (no cloak)
rCorr   +            j - +2 pair of gloves
SInv    .            (no boots)
Will    .....        (no amulet) Stlth
                     p - ring of resist corrosion
HPRegen 0.26/turn    (no ring)
MPRegen 0.10/turn

%: no passive effects
@: no status effects
A: sickness immunity, AC +4, negative energy resistance 1, electricity
resistance, torment resistance 1, petrification resistance
a: Convert to Beogh


You were on level 4 of the Dungeon.
You visited 1 branch of the dungeon, and saw 4 of its levels.

You collected 185 gold pieces.

Inventory:

Hand Weapons
 a - a +0 flail (weapon)
Armour
 b - a +0 scale mail (worn)
 c - a +0 buckler (worn)
 f - a +0 helmet (worn)
 g - a +0 plate armour
 j - a +2 pair of gloves (worn)
Jewellery
 p - a ring of resist corrosion (left hand)
Scrolls
 o - a scroll of fear
Potions
 d - 3 potions of might
 e - a potion of haste {unknown}
 h - a potion of lignification {unknown}
 i - a potion of enlightenment
 k - a potion of resistance {unknown}
 l - 2 potions of curing


   Skills:
 + Level 4.5 Fighting
 + Level 3.5 Maces & Flails
 + Level 4.5 Armour
 + Level 4.5 Shields


You had 5 spell levels left.
You didn't know any spells.
Your spell library contained the following spells:

 Spells                   Type           Power      Damage    Failure   Level
 Ozocubu's Armour         Ice            0%         N/A       98%         3
 Metabolic Englaciation   Hex/Ice        0%         N/A       100%        5
 Sculpt Simulacrum        Ice/Alch       0%         N/A       100%        6


Dungeon Overview and Level Annotations

Branches:
Dungeon (4/15)
 Temple: D:4-7

Altars:
Okawaru


Innate Abilities, Weirdness & Mutations

You are immune to sickness and miasma.
Your stone body is resilient. (AC +4)
You are immune to poison.
You resist negative energy. (rN+)
You are resistant to electric shocks. (rElec)
You are resistant to unholy torment.
You are immune to petrification.


Message History

The orc priest is almost dead.
You block the orc's attack. x2
The orc priest hits you but does no damage.
The orc hits you but does no damage.
You hit the orc priest but do no damage.
The orc priest is almost dead.
The orc misses you.
The orc priest mumbles some strange prayers to Beogh against you.
You barely resist. The orc barely misses you.
The orc hits you but does no damage.
You barely miss the orc priest.
The orc priest is almost dead.
The orc closely misses you.
The orc priest hits you but does no damage.
You block the orc's attack. The orc hits you with a +0 dagger.
You closely miss the orc priest.
The orc priest shouts, "Surrender to Beogh and we'll let you live!"
The orc priest is almost dead.
The orc hits you but does no damage.
The orc priest calls down the wrath of Beogh upon you.
Pain shoots through your body!
* * * LOW HITPOINT WARNING * * *
The orc completely misses you. The orc closely misses you.
The orc hits you but does no damage. The orc hits you with a +0 hand axe.
* * * LOW HITPOINT WARNING * * *
The orc hits you with a +0 hand axe.
* * * LOW HITPOINT WARNING * * *
The orc priest hits you but does no damage.
You barely miss the orc priest.
The orc priest is almost dead.
The orc misses you. You block the orc's attack.
The orc priest invokes the aid of Beogh against you.
You barely resist. The orc hits you with a +0 hand axe.
* * * LOW HITPOINT WARNING * * *
You completely miss the orc priest.
The orc priest is almost dead.
The orc barely misses you.
The orc priest invokes the aid of Beogh against you.
Beogh smites you!
You die...

.........#....#
..............#
>............####
................###
..................##
...................#
................#.#. .#.
†............#..#o#.....
##...##...#...#.@o......
###.###...##....oo......
#................##...
#. .#..............# .
.. .[............# ..
............. ##
##...........# ##
...........# .#


You could see an orc priest and 3 orcs.

Vanquished Creatures
  An iguana (D:4)
  An orc wizard (D:3)
  6 adders
  5 orcs (D:3)
  6 endoplasms
  5 giant cockroaches
  11 goblins
  6 hobgoblins
  5 jackals (D:2)
  3 quokkas
  6 ball pythons
  4 bats
  A frilled lizard (D:1)
  8 kobolds
  5 rats
73 creatures vanquished.

Notes
Turn   | Place    | Note
-------+----------+-------------------------------------------
     0 | D:1      | Dittersdorf the Gargoyle Fighter began the quest for the
                  | Orb.
     0 | D:1      | Reached XP level 1. HP: 14/14 MP: 1/1
    88 | D:1      | Reached XP level 2. HP: 19/19 MP: 2/2
   451 | D:1      | Reached XP level 3. HP: 22/23 MP: 3/3
  1084 | D:2      | Reached XP level 4. HP: 25/29 MP: 4/4
  1752 | D:3      | Reached XP level 5. HP: 33/33 MP: 5/5
  1915 | D:3      | Found an iron altar of Okawaru.
  2299 | D:4      | Reached XP level 6. HP: 39/39 MP: 6/6
  2438 | D:4      | Killed from afar by an orc priest

Illustrated notes

Levels and vault maps discovered:
D:1:      minmay_arrival_stair_chambers, layout_basic, minivault_4,
          corexii_leaking_fountain
D:2:      layout_loops_ring, amcnicky_mini_rare_corridor_liquid, minmay_bisected
D:3:      layout_loops_cross, okawaru_trees_2
D:4:      layout_cave_pools, mainiacjoe_overflow_alcove_4

Skill      XL: |  1  2  3  4 |
---------------+-------------+-----
Armour         | 4 |  4.5
Shields        | 4 |  4.5
Fighting       | 4 |  4.5
Maces & Flails | 3 |  3.5

Action                     |  1- 3 |  4- 6 || total
---------------------------+-------+-------++-------
  Melee: Flail             |   114 |   158 ||   272
    Use: Scroll            |       |     8 ||     8
 Armour: Scale mail        |    96 |   141 ||   237
  Dodge: Dodged            |    65 |    91 ||   156
  Block: Buckler           |    21 |    42 ||    63

Table legend: (Time is in decaauts)
 A = Elapsed time spent in this place.
 B = Non-inter-level travel time spent in this place.
 C = Inter-level travel time spent in this place.
 D = Time resting spent in this place.
 E = Time spent auto-exploring this place.
 F = Levels seen in this place.
 G = Mean time per level.
                   A        B        C        D        E       F      G
               +--------+--------+--------+--------+--------+-----+--------+
         Total |   2518 |   2393 |    125 |     19 |   1758 |   4 |  629.5 |
       Dungeon |   2518 |   2393 |    125 |     19 |   1758 |   4 |  629.5 |
               +--------+--------+--------+--------+--------+-----+--------+

Top non-repeatable levels by time:
     D:1: 853 daAuts
     D:3: 751 daAuts
     D:2: 742 daAuts
     D:4: 170 daAuts
